Map: Dasan Station LE

Players

HENRYHOBO

  • Race: Zerg Zerg
  • League: Gold

Nickos - Winner!

  • Race: Terran Terran
  • League: Gold

VOD

Have the link to the VOD?

Description

Time

  • Played on: Sept. 2, 2016, 6:43 a.m.
  • Length: 8:37
Show
View Real Time Build Order
Export as new Build Order

HENRYHOBO Zerg 

Build Orders: Hatch First 

Get SALT Encoding   

  12  0:01  Drone  
  13  0:10  Drone  
  14  0:36  Hatchery  
  13  0:43  Drone  
  13  0:46  Overlord  
  14  0:53  Drone, Extractor  
  14  1:18  Spawning Pool  
  14  1:20  Drone x2  
  14  1:21  Drone  
  16  1:33  Drone  
  17  1:59  Drone x2  
  19  2:04  Drone  
  20  2:13  Drone x3  
  20  2:14  Queen  
  25  2:17  Queen  
  25  2:21  Overlord  
  27  2:25  Drone  
  28  2:37  Roach Warren  
  27  2:53  Drone x2  
  27  2:56  Queen  
  31  3:00  Drone  
  31  3:01  Drone, Overlord  
  33  3:20  Lair  
  33  3:23  Roach x2  
  39  3:27  Roach x2  
  39  3:34  Extractor  
  40  3:42  Drone  
  40  3:43  Drone x3  
  40  3:48  Overlord  
  44  3:56  Metabolic Boost  
  44  4:05  Overlord x2  
  44  4:09  Drone x3  
  47  4:12  Zergling x4  
  49  4:20  Overseer  
  49  4:21  Drone  
  50  4:26  Queen  
  52  4:43  Zergling x8  
  56  4:52  Baneling Nest  
  55  4:54  Spore Crawler  
  55  4:56  Spore Crawler  
  55  4:57  Drone x3  
  55  4:59  Extractor  
  55  5:02  Extractor  
  54  5:14  Overlord x3  
  54  5:15  Zergling x4  
  54  5:16  Zergling x2  
  54  5:17  Zergling x2  
  58  5:28  Spire  
  57  5:33  Drone x2  
  57  5:35  Drone x4  
  63  5:41  Overlord  
  63  5:43  Baneling x2  
  63  5:44  Baneling x2  
  63  5:45  Centrifical Hooks  
  63  6:07  Drone x3  
  63  6:08  Drone x2  
  68  6:43  Drone x3  
  71  6:48  Corruptor x2  
  71  6:49  Corruptor x2  
  71  6:50  Zergling x4  
  71  6:52  Zergling x6  
  71  6:53  Zergling x4  
  86  7:03  Baneling x4  
  86  7:12  Zergling x4  
  86  7:13  Zergling x6  
  86  7:14  Zergling x2  
  76  7:32  Zergling x4  
  76  7:33  Zergling x6  
  76  7:34  Zergling x6  
  57  8:01  Zergling x4  
  57  8:02  Zergling x6  
  57  8:03  Zergling x10  
  60  8:20  Zergling x2  
Show
View Real Time Build Order
Export as new Build Order

Nickos Terran - Winner!

Build Orders: MMM Bio 

Get SALT Encoding   

  12  0:01  SCV  
  13  0:13  SCV  
  14  0:17  Supply Depot  
  14  0:25  SCV  
  15  0:39  SCV  
  15  0:40  Barracks  
  16  0:51  SCV  
  17  1:03  SCV  
  18  1:15  SCV  
  19  1:22  Command Center  
  19  1:29  Orbital Command  
  19  1:33  Marine  
  20  1:45  Supply Depot  
  20  1:51  Marine  
  21  1:55  Barracks  
  21  1:57  SCV  
  22  2:12  SCV  
  22  2:13  Marine  
  24  2:22  Barracks  
  24  2:24  SCV  
  25  2:30  Marine  
  25  2:34  Orbital Command  
  25  2:36  SCV  
  27  2:37  Refinery  
  27  2:38  Refinery  
  27  2:45  Marine  
  27  2:56  SCV  
  27  2:57  Marine  
  29  3:05  SCV  
  30  3:08  SCV  
  31  3:13  Barracks Tech Lab  
  31  3:15  Supply Depot  
  31  3:17  SCV  
  31  3:18  Marine x2  
  34  3:20  SCV  
  34  3:25  Barracks  
  35  3:29  SCV  
  35  3:32  Stimpack, SCV  
  35  3:33  Marine  
  38  3:37  Barracks Reactor  
  38  3:41  SCV  
  38  3:44  Barracks, SCV  
  38  3:45  Barracks Reactor  
  40  3:51  Marine  
  40  3:53  SCV  
  40  3:55  Supply Depot  
  42  3:56  SCV  
  43  4:05  SCV  
  43  4:08  SCV  
  43  4:09  Marine  
  46  4:15  Barracks Reactor  
  46  4:18  SCV  
  46  4:19  Supply Depot  
  46  4:20  SCV  
  46  4:21  Marine  
  46  4:22  Marine x3  
  52  4:26  Marine  
  52  4:29  Factory  
  52  4:30  SCV  
  54  4:33  SCV  
  55  4:39  Barracks Reactor  
  55  4:42  SCV  
  55  4:45  SCV  
  57  4:47  Supply Depot  
  57  4:48  Marine x3  
  57  4:49  Marine x2  
  57  4:52  Marine x2  
  64  5:00  SCV x2  
  64  5:06  Marine x3  
  69  5:10  Marine  
  69  5:11  Marine x3  
  69  5:12  SCV x2  
  75  5:15  Factory Reactor  
  75  5:16  Starport  
  75  5:21  Marine  
  75  5:22  Marine  
  75  5:24  SCV, Marine  
  78  5:33  Combat Shields  
  78  5:38  Supply Depot  
  78  5:43  Supply Depot  
  78  5:57  Command Center  
  78  5:59  Marine x2  
  78  6:00  SCV, Marine x5  
  78  6:04  Supply Depot, Marine x2  
  86  6:05  SCV  
  86  6:08  Supply Depot  
  89  6:11  Supply Depot  
  89  6:12  SCV  
  89  6:17  Engineering Bay, Marine x3  
  89  6:18  Engineering Bay  
  93  6:21  Marine x2  
  93  6:25  Marine  
  95  6:27  Medivac x2  
  95  6:28  SCV x2  
  95  6:32  Supply Depot  
  100  6:34  Marine x3  
  100  6:35  Marine x2  
  105  6:40  SCV  
  105  6:41  SCV  
  107  6:48  Marine  
  107  6:49  Marine x3  
  107  6:52  SCV, Marine  
  113  6:55  Marine x4  
  113  6:57  Medivac x2  
  121  7:04  Command Center  
  121  7:06  Marine x2  
  121  7:07  Marine x2  
  126  7:08  SCV  
  126  7:17  SCV, Marine x5  
  126  7:20  SCV  
  119  7:24  Marine x3  
  115  7:32  Marine  
  115  7:36  Marine  
  113  7:37  Medivac, Marine x2  
  113  7:38  Medivac  
  115  7:49  Marine  
  115  7:50  Marine x2  
  115  7:51  Marine x3  
  120  7:54  Marine  
  120  7:55  Marine  
  120  7:57  Marine  
  111  8:07  Marine  
  111  8:08  Marine x3  
  111  8:09  Marine  
  111  8:10  Marine  
  111  8:12  Marine  
  118  8:17  Marine x2  
  122  8:23  Supply Depot x2  
Tags
 
Composition
MMM Bio
League
GoldGold
Matchup
TvZ
Replay Pack
Nickos replay
Add a new tag
Caveats
  • Supply blocks, unpowered buildings, or Contaminate may cause inaccurate times.
  • Supply counts are checked every 10 seconds.